Unix NetHack Version 3.7.0-102 Work-in-progress - last build Apr 6 2024 13:22:21 (d302a6a9ff6341f1a922d8f5af178406b35fdf99,branch:master). Game began 2024-05-02 13:36:28, ended 2024-05-02 14:20:58. farfar, neutral female human Valkyrie ------------------------------------- -..........*........*................0- ..----------------#------------------@.| .-.| ..0 |)- ......|0- -... |..- .......|.| |... | |.>. ..--...#.| |..0 |.|..- ...--%.| | .. .#0.. ....|.| .. -.|... ..-|.| .. . |.-- -..|.| {. .. |.| -...| ..-- ... |.| -..| -. -|- |.| -..| |. . |.| .|.| . .. |.| |.| . .. | |.| |.| . ---------.|.| |.| 0 0........*#.| |.----------- ------- ----------.| |<.............*....0 0..........| --- ----------- Farfar the Fighter St:8 Dx:15 Co:18 In:8 Wi:9 Ch:8 Neutral S:3091 Dlvl:8 $:0 HP:0(58) Pw:13(13) AC:-1 Xp:6/602 T:2527 Burdened Blind Latest messages: It misses! You kill it! You feel an unseen monster! It misses! It misses! You kill it! You feel an unseen monster! It misses! It stings! You kill it! Wait! There's something there you can't see! It stings! You kill it! You try to feel what is lying here on the floor. You feel here 4 killer bee corpses. You try to feel what is lying here on the floor. You feel here 4 killer bee corpses. There are 4 killer bee corpses here; eat one? [ynq] (n) Ecch - that must have been poisonous! You finish eating the killer bee corpse. There are 3 killer bee corpses here; eat one? [ynq] (n) Ecch - that must have been poisonous! Your movements are slowed slightly because of your load. It hits! You stop eating the killer bee corpse. You hit it. You hit it. You hit it. It misses! You kill it! There is a partly eaten killer bee corpse here; eat it? [ynq] (n) You consume the last bite of your meal. You finish eating the killer bee corpse. There are 2 killer bee corpses here; eat one? [ynq] (n) Ecch - that must have been poisonous! You finish eating the killer bee corpse. You feel an unseen monster! It misses! You hit it. You hear a nearby zap. You hear something crash through the floor. You attack thin air. There is a killer bee corpse here; eat it? [ynq] (n) Ecch - that must have been poisonous! You die... Do you want your possessions identified? [ynq] (y) Do you want to see your attributes? [ynq] (y) Do you want an account of creatures vanquished? [ynaq] (y) Do you want to see your conduct and achievements? [ynq] (y) Do you want to see the dungeon overview? [ynq] (y) Inventory: Weapons m - 8 poisoned +0 arrows T - 6 +1 darts h - 12 cursed -2 darts G - a +0 dwarvish spear z - a +0 orcish dagger a - a +1 spear (weapon in right hand) Armor L - an uncursed +0 pair of leather gloves (being worn) P - an uncursed +0 pair of low boots (being worn) N - an uncursed +0 cloak of protection (being worn) b - an uncursed +0 mummy wrapping k - a blessed +0 splint mail (being worn) Comestibles D - an uncursed food ration K - an uncursed lembas wafer C - a cursed pear Scrolls y - an uncursed scroll of charging named 150 E - a blessed scroll of confuse monster n - a blessed scroll of enchant armor named kernod 40 x - 2 uncursed scrolls of identify named identify f - a cursed scroll of remove curse named 40 u - an uncursed scroll of taming named 100 Spellbooks J - an uncursed spellbook of invisibility Potions e - an uncursed potion of gain level named 150 F - an uncursed potion of healing named 10 B - an uncursed potion of invisibility named 75 V - a blessed potion of paralysis l - an uncursed potion of sleeping named 50 H - an uncursed potion of water Rings v - an uncursed +2 ring of increase accuracy (on right hand) Wands X - a wand of cancellation (0:4) q - a wand of create monster (0:10) S - a wand of striking (0:5) Tools w - an uncursed sack containing 1 item t - an uncursed lock pick U - a +0 pick-axe s - an uncursed skeleton key d - an uncursed towel Gems/Stones g - a cursed fluorite stone i - an uncursed turquoise stone W - an uncursed worthless piece of black glass A - a cursed worthless piece of black glass Q - an uncursed worthless piece of blue glass R - an uncursed worthless piece of green glass Z - an uncursed worthless piece of orange glass Y - an uncursed worthless piece of violet glass Contents of the sack: 249 gold pieces Farfar the Valkyrie's attributes: Background: You were a Fighter, a level 6 human Valkyrie. You were neutral, nominally on a mission for Odin who was opposed by Tyr (lawful) and Loki (chaotic). You were right-handed. You were in the Gnomish Mines, on level 8. You entered the dungeon 2527 turns ago. You had 602 experience points, 38 more were needed to attain level 7. Your score was 3091 before end-of-game adjustments. Basics: You had 0 out of 58 hit points. You had all 13 energy points (spell power). Your armor class was -1. Your wallet was empty, but you had 249 zorkmids stashed away in your pack. Autopickup was off. Final Characteristics: Your strength was 8 (peak:18/01, limit:18/100). Your dexterity was 15 (limit:18). Your constitution was 18 (limit:18). Your intelligence was 8 (limit:18). Your wisdom was 9 (limit:18). Your charisma was 8 (limit:18). Final Status: You were temporarily blind. You weren't hungry. You were burdened; movement was slightly slowed. You were wielding a spear. You were skilled in spear. Final Attributes: You were piously aligned. You were cold resistant. You were stealthy. You had a small bonus to hit (+2). You were protected. You are dead. Miscellaneous: You never encountered a bones level. Total elapsed playing time was 44 minutes and 29 seconds. Major events: Turn 1: farfar the neutral human Valkyrie entered the dungeon 852: attained the rank of Skirmisher (level 3) 1648: entered the Gnomish Mines 2246: attained the rank of Fighter (level 6) 2327: reached Mine Town 2527: killed by a poisonous corpse Vanquished creatures: a small mimic a giant beetle a gnome mummy a bugbear a Mordor orc a pony a yellow light 3 gnome leaders a floating eye a kitten 3 dwarves a hill orc 2 iguanas 8 killer bees 2 giant rats 15 gnomes a kobold 2 goblins a grid bug a lichen 2 kobold zombies 7 newts 57 creatures vanquished. No species were genocided or became extinct. Voluntary challenges: You were an atheist. You read items or engraved 3 times. You never engraved Elbereth. You never genocided any monsters. You never polymorphed an object. You never changed form. You used no wishes. Achievements: You entered a shop. You attained the rank of Skirmisher. You entered the Gnomish Mines. You attained the rank of Fighter. You entered Minetown. The Dungeons of Doom: levels 1 to 5 Level 1: A fountain. Level 2: A fountain. Level 3: A fountain. Level 4: A fountain. Stairs down to The Gnomish Mines. Level 5: The Gnomish Mines: levels 5 to 8 Level 5: Level 6: Level 7: Level 8: <- You were here. A fountain. Final resting place for you, killed by a poisonous corpse. Game over: ---------- / \ / REST \ / IN \ / PEACE \ / \ | farfar | | 249 Au | | killed by a | | poisonous corpse | | | | | | 2024 | *| * * * | * _________)/\\_//(\/(/\)/\//\/|_)_______ Farvel farfar the Valkyrie... You died in The Gnomish Mines on dungeon level 8 with 3067 points, and 249 pieces of gold, after 2527 moves. You were level 6 with a maximum of 58 hit points when you died.